[ AOE2 MATCH · #513660795 ]
UnrankedCiv #60 vs Mongols
Player's team · LOSS
Rival team · WIN
[ REPLAY ANALYSIS · EXTRACTED FROM THE RECORDED GAME ]
Feudal
11:12
Castle
19:41
Imperial
36:04
| APM avg | 75.5 |
| APM peak | 122 |
| eAPM avg | 44.0 |
| Villagers / military | 236 / 32 |
Focus
⚔️ 38.5% · 🌾 61.5%
Petard ×10 · Militia ×6 · Monk ×4 · Trebuchet (Packed) ×4 · Mangonel ×3 · Skirmisher ×3
Feudal
9:34
Castle
21:03
Imperial
34:26
| APM avg | 65.5 |
| APM peak | 103 |
| eAPM avg | 28.6 |
| Villagers / military | 133 / 52 |
Focus
⚔️ 48.8% · 🌾 51.2%
Archer ×23 · Mangudai ×9 · Militia ×4 · Mangonel ×4 · Knight ×3 · Spearman ×3
Match map
Initial resources + every placement click. Lines = walls · curves = elevation contours. ◆ gold · ⬟ stone · ● berries · ✦ relic · ◌ wall gap
Your base· Open — 6t gap
DGHIR | chanchilaru's base· Open — unwalled flank
Smoothed initial terrain · ◌ = detected wall gap · hover for details
Inputs per minute
— VL Aveee - - DGHIR | chanchilaru
Build order — VL Aveee
First 150 of 444 actions detected
| 0:01 | Queue | Villager (Male) |
| 0:01 | Queue | Villager (Male) |
| 0:02 | Build | House |
| 0:02 | Build | House |
| 0:03 | Queue | Villager (Male) |
| 0:11 | Queue | Villager (Male) |
| 1:22 | Queue | Villager (Male) |
| 1:23 | Queue | Villager (Male) |
| 1:35 | Build | Lumber Camp |
| 1:50 | Queue | Villager (Male) |
| 1:50 | Queue | Villager (Male) |
| 2:19 | Queue | Villager (Male) |
| 2:19 | Queue | Villager (Male) |
| 2:28 | Queue | Villager (Male) |
| 2:29 | Queue | Villager (Male) |
| 3:00 | Queue | Villager (Male) |
| 3:00 | Queue | Villager (Male) |
| 3:26 | Build | House |
| 3:31 | Build | House |
| 3:34 | Queue | Villager (Male) |
| 3:35 | Queue | Villager (Male) |
| 3:56 | Queue | Villager (Male) |
| 3:56 | Queue | Villager (Male) |
| 4:09 | Build | Barracks |
| 4:25 | Queue | Villager (Male) |
| 4:25 | Queue | Villager (Male) |
| 4:25 | Queue | Villager (Male) |
| 4:50 | Queue | Villager (Male) |
| 5:04 | Queue | Militia |
| 5:04 | Queue | Militia |
| 5:04 | Queue | Militia |
| 5:06 | Build | House |
| 5:23 | Queue | Villager (Male) |
| 5:28 | Queue | Militia |
| 5:28 | Queue | Militia |
| 5:45 | Queue | Militia |
| 5:50 | Build | Mill |
| 5:52 | Queue | Villager (Male) |
| 5:52 | Queue | Villager (Male) |
| 6:07 | Queue | Villager (Male) |
| 6:07 | Queue | Villager (Male) |
| 6:27 | Queue | Villager (Male) |
| 6:27 | Queue | Villager (Male) |
| 6:27 | Queue | Villager (Male) |
| 6:29 | Build | House |
| 7:02 | Queue | Villager (Male) |
| 7:02 | Queue | Villager (Male) |
| 7:02 | Queue | Villager (Male) |
| 7:02 | Queue | Villager (Male) |
| 7:06 | Build | Farm |
| 7:08 | Build | Farm |
| 7:39 | Build | House |
| 7:54 | Queue | Villager (Male) |
| 8:07 | Research | Loom |
| 8:11 | Build | Palisade Wall |
| 8:18 | Build | Palisade Wall |
| 8:20 | Build | Palisade Wall |
| 8:22 | Build | Palisade Wall |
| 9:02 | Research | Feudal Age |
| 9:03 | Research | Feudal Age |
| 9:04 | Build | Palisade Wall |
| 10:16 | Queue | Villager (Male) |
| 11:12 | Age | Feudal Age |
| 11:26 | Build | Archery Range |
| 11:27 | Research | Double-Bit Axe |
| 11:27 | Research | Double-Bit Axe |
| 11:28 | Queue | Villager (Male) |
| 11:41 | Queue | Villager (Male) |
| 11:51 | Queue | Villager (Male) |
| 12:00 | Build | Lumber Camp |
| 12:06 | Queue | Skirmisher |
| 12:08 | Queue | Villager (Male) |
| 12:23 | Queue | Villager (Male) |
| 12:28 | Build | Palisade Wall |
| 12:29 | Build | Palisade Wall |
| 12:32 | Build | Palisade Wall |
| 12:34 | Build | Palisade Wall |
| 12:38 | Queue | Skirmisher |
| 12:38 | Queue | Skirmisher |
| 12:42 | Queue | Villager (Male) |
| 12:48 | Queue | Spearman |
| 12:55 | Queue | Villager (Male) |
| 13:12 | Queue | Villager (Male) |
| 13:15 | Build | Farm |
| 13:23 | Build | House |
| 13:34 | Build | Farm |
| 13:36 | Build | Farm |
| 13:45 | Queue | Villager (Male) |
| 14:02 | Build | Market |
| 14:11 | Queue | Villager (Male) |
| 14:42 | Build | Farm |
| 14:53 | Research | Town Watch |
| 14:55 | Build | Mining Camp |
| 14:58 | Build | Mining Camp |
| 15:03 | Queue | Villager (Male) |
| 15:06 | Build | Farm |
| 15:07 | Build | Farm |
| 15:22 | Build | House |
| 15:23 | Build | Palisade Wall |
| 15:24 | Build | Palisade Wall |
| 15:25 | Build | Palisade Wall |
| 15:39 | Queue | Villager (Male) |
| 15:44 | Build | Farm |
| 16:10 | Build | Farm |
| 16:15 | Queue | Villager (Male) |
| 16:21 | Build | Farm |
| 17:02 | Research | Castle Age |
| 17:02 | Research | Castle Age |
| 17:35 | Research | Horse Collar |
| 17:36 | Research | Horse Collar |
| 18:16 | Research | Gold Mining |
| 18:17 | Research | Gold Mining |
| 18:24 | Build | Blacksmith |
| 18:26 | Build | House |
| 18:48 | Build | Farm |
| 18:54 | Build | Farm |
| 18:56 | Build | Farm |
| 19:03 | Queue | Villager (Male) |
| 19:41 | Age | Castle Age |
| 19:54 | Build | Town Center |
| 20:02 | Queue | Villager (Male) |
| 20:06 | Research | Bow Saw |
| 20:17 | Build | House |
| 20:26 | Queue | Villager (Male) |
| 20:37 | Queue | Villager (Male) |
| 20:39 | Queue | Villager (Male) |
| 20:59 | Build | Town Center |
| 21:17 | Research | Wheelbarrow |
| 21:29 | Queue | Villager (Male) |
| 21:32 | Queue | Villager (Male) |
| 21:36 | Queue | Villager (Male) |
| 21:39 | Queue | Villager (Male) |
| 21:51 | Queue | Villager (Male) |
| 22:02 | Build | Siege Workshop |
| 22:11 | Build | House |
| 22:14 | Queue | Villager (Male) |
| 22:18 | Queue | Villager (Male) |
| 22:20 | Build | Monastery |
| 22:31 | Queue | Villager (Male) |
| 22:37 | Queue | Scorpion |
| 22:39 | Queue | Villager (Male) |
| 22:50 | Build | Farm |
| 22:55 | Queue | Monk |
| 22:59 | Queue | Villager (Male) |
| 22:59 | Queue | Villager (Male) |
| 23:02 | Build | Farm |
| 23:03 | Build | Farm |
| 23:07 | Queue | Villager (Male) |
| 23:07 | Queue | Villager (Male) |
| 23:08 | Queue | Villager (Male) |
Build order — DGHIR | chanchilaru
First 150 of 306 actions detected
| 0:00 | Queue | Villager (Male) |
| 0:00 | Queue | Villager (Male) |
| 0:00 | Queue | Villager (Male) |
| 0:00 | Queue | Villager (Male) |
| 0:02 | Build | House |
| 0:02 | Build | House |
| 1:26 | Queue | Villager (Male) |
| 1:59 | Build | Barracks |
| 2:02 | Queue | Villager (Male) |
| 2:05 | Queue | Villager (Male) |
| 2:27 | Queue | Villager (Male) |
| 2:56 | Queue | Militia |
| 2:57 | Queue | Militia |
| 2:59 | Build | House |
| 3:20 | Queue | Villager (Male) |
| 3:23 | Queue | Militia |
| 3:23 | Queue | Militia |
| 3:46 | Queue | Villager (Male) |
| 4:13 | Build | House |
| 4:18 | Queue | Villager (Male) |
| 4:18 | Queue | Villager (Male) |
| 4:49 | Queue | Villager (Male) |
| 5:27 | Build | Lumber Camp |
| 5:32 | Queue | Villager (Male) |
| 5:38 | Research | Loom |
| 6:25 | Build | Mill |
| 6:26 | Queue | Villager (Male) |
| 6:26 | Queue | Villager (Male) |
| 6:34 | Queue | Villager (Male) |
| 6:37 | Queue | Villager (Male) |
| 6:54 | Queue | Villager (Male) |
| 7:24 | Research | Feudal Age |
| 8:19 | Build | Palisade Gate |
| 8:27 | Build | House |
| 8:41 | Queue | Villager (Male) |
| 8:57 | Queue | Villager (Male) |
| 9:00 | Queue | Villager (Male) |
| 9:01 | Queue | Villager (Male) |
| 9:06 | Queue | Villager (Male) |
| 9:34 | Age | Feudal Age |
| 9:41 | Research | Double-Bit Axe |
| 10:21 | Build | Archery Range |
| 10:22 | Queue | Villager (Male) |
| 10:31 | Build | House |
| 10:44 | Queue | Villager (Male) |
| 10:52 | Build | Farm |
| 10:56 | Build | Mining Camp |
| 10:57 | Queue | Villager (Male) |
| 11:20 | Build | House |
| 11:34 | Build | Farm |
| 11:44 | Build | Palisade Wall |
| 11:44 | Build | Palisade Wall |
| 11:50 | Queue | Skirmisher |
| 12:08 | Build | Farm |
| 12:12 | Queue | Archer |
| 12:14 | Queue | Villager (Male) |
| 12:14 | Queue | Villager (Male) |
| 12:14 | Queue | Villager (Male) |
| 12:35 | Build | Farm |
| 12:42 | Queue | Villager (Male) |
| 12:47 | Build | House |
| 12:53 | Queue | Archer |
| 13:07 | Queue | Villager (Male) |
| 13:14 | Queue | Villager (Male) |
| 13:22 | Build | Farm |
| 13:25 | Build | House |
| 13:27 | Build | Palisade Wall |
| 13:30 | Queue | Archer |
| 13:38 | Build | House |
| 13:54 | Queue | Villager (Male) |
| 13:59 | Queue | Villager (Male) |
| 14:01 | Build | Palisade Wall |
| 14:16 | Build | Palisade Wall |
| 14:23 | Queue | Archer |
| 14:29 | Build | Palisade Gate |
| 14:32 | Build | House |
| 14:44 | Build | Farm |
| 14:51 | Build | Palisade Wall |
| 14:55 | Build | House |
| 15:01 | Build | Palisade Wall |
| 15:02 | Build | Palisade Wall |
| 15:06 | Build | Palisade Wall |
| 15:07 | Build | Palisade Wall |
| 15:08 | Build | Palisade Wall |
| 15:10 | Queue | Villager (Male) |
| 15:10 | Queue | Villager (Male) |
| 15:15 | Queue | Villager (Male) |
| 15:20 | Build | House |
| 15:24 | Build | Farm |
| 15:25 | Queue | Villager (Male) |
| 15:25 | Queue | Villager (Male) |
| 15:32 | Build | Farm |
| 15:34 | Build | Farm |
| 15:34 | Queue | Villager (Male) |
| 15:37 | Queue | Archer |
| 15:37 | Queue | Archer |
| 15:50 | Build | Market |
| 15:51 | Build | Palisade Wall |
| 15:58 | Build | House |
| 16:00 | Queue | Villager (Male) |
| 16:23 | Build | Lumber Camp |
| 16:46 | Build | Farm |
| 17:07 | Build | Farm |
| 17:13 | Build | Farm |
| 17:21 | Build | Farm |
| 17:24 | Build | Farm |
| 17:32 | Build | Farm |
| 17:35 | Queue | Archer |
| 17:47 | Build | Farm |
| 17:54 | Queue | Villager (Male) |
| 18:23 | Research | Castle Age |
| 18:23 | Research | Castle Age |
| 18:38 | Queue | Archer |
| 18:43 | Build | Stable |
| 18:54 | Research | Horse Collar |
| 19:04 | Queue | Archer |
| 19:25 | Queue | Archer |
| 19:29 | Build | Blacksmith |
| 19:56 | Research | Bloodlines |
| 20:03 | Queue | Archer |
| 20:05 | Build | House |
| 20:22 | Research | Fletching |
| 20:41 | Queue | Villager (Male) |
| 21:03 | Age | Castle Age |
| 21:04 | Research | Crossbowman (upgrade) |
| 21:07 | Queue | Knight |
| 21:26 | Queue | Villager (Male) |
| 21:40 | Build | Town Center |
| 21:46 | Research | Bow Saw |
| 21:48 | Queue | Knight |
| 21:49 | Queue | Villager (Male) |
| 21:50 | Queue | Archer |
| 22:20 | Queue | Villager (Male) |
| 22:20 | Queue | Villager (Male) |
| 22:27 | Build | Farm |
| 22:34 | Queue | Villager (Male) |
| 22:34 | Queue | Villager (Male) |
| 22:55 | Queue | Villager (Male) |
| 22:55 | Queue | Villager (Male) |
| 23:03 | Queue | Villager (Male) |
| 23:03 | Queue | Villager (Male) |
| 23:05 | Queue | Villager (Male) |
| 23:16 | Queue | Archer |
| 23:26 | Queue | Villager (Male) |
| 23:26 | Queue | Villager (Male) |
| 23:48 | Build | Siege Workshop |
| 23:51 | Queue | Villager (Male) |
| 23:52 | Queue | Villager (Male) |
| 23:59 | Research | Bodkin Arrow |
| 24:00 | Queue | Villager (Male) |
Match timeline
| 1:59 | DGHIR | chanchilaru · first_building Barracks |
| 4:09 | VL Aveee · first_building Barracks |
| 8:11 | VL Aveee · wall_segment Palisade Wall x3 |
| 8:18 | VL Aveee · wall_segment Palisade Wall x3 |
| 8:20 | VL Aveee · wall_segment Palisade Wall x1 |
| 8:22 | VL Aveee · wall_segment Palisade Wall x1 |
| 9:04 | VL Aveee · wall_segment Palisade Wall x1 |
| 9:34 | DGHIR | chanchilaru · age_up feudal |
| 10:21 | DGHIR | chanchilaru · first_building Archery Range |
| 11:12 | VL Aveee · age_up feudal |
| 11:26 | VL Aveee · first_building Archery Range |
| 11:44 | DGHIR | chanchilaru · wall_segment Palisade Wall x1 |
| 11:44 | DGHIR | chanchilaru · wall_segment Palisade Wall x1 |
| 12:28 | VL Aveee · wall_segment Palisade Wall x8 |
| 12:29 | VL Aveee · wall_segment Palisade Wall x5 |
| 12:32 | VL Aveee · wall_segment Palisade Wall x3 |
| 12:34 | VL Aveee · wall_segment Palisade Wall x11 |
| 13:27 | DGHIR | chanchilaru · wall_segment Palisade Wall x7 |
| 14:01 | DGHIR | chanchilaru · wall_segment Palisade Wall x7 |
| 14:16 | DGHIR | chanchilaru · wall_segment Palisade Wall x7 |
| 14:51 | DGHIR | chanchilaru · wall_segment Palisade Wall x5 |
| 15:01 | DGHIR | chanchilaru · wall_segment Palisade Wall x3 |
| 15:02 | DGHIR | chanchilaru · wall_segment Palisade Wall x2 |
| 15:06 | DGHIR | chanchilaru · wall_segment Palisade Wall x3 |
| 15:07 | DGHIR | chanchilaru · wall_segment Palisade Wall x2 |
| 15:08 | DGHIR | chanchilaru · wall_segment Palisade Wall x1 |
| 15:12 | VL Aveee · first_market_sell 500 stone |
| 15:13 | VL Aveee · first_market_buy 100 food |
| 15:23 | VL Aveee · wall_segment Palisade Wall x4 |
| 15:24 | VL Aveee · wall_segment Palisade Wall x5 |
| 15:25 | VL Aveee · wall_segment Palisade Wall x1 |
| 15:51 | DGHIR | chanchilaru · wall_segment Palisade Wall x1 |
| 18:09 | DGHIR | chanchilaru · first_market_buy 100 food |
| 18:16 | DGHIR | chanchilaru · first_market_sell 100 wood |
| 18:43 | DGHIR | chanchilaru · first_building Stable |
| 19:41 | VL Aveee · age_up castle |
| 21:03 | DGHIR | chanchilaru · age_up castle |
| 22:02 | VL Aveee · first_building Siege Workshop |
| 22:20 | VL Aveee · first_building Monastery |
| 23:48 | DGHIR | chanchilaru · first_building Siege Workshop |
| 30:16 | VL Aveee · first_building Castle |
| 30:54 | DGHIR | chanchilaru · first_building Castle |
| 34:26 | DGHIR | chanchilaru · age_up imperial |
| 36:04 | VL Aveee · age_up imperial |
| 37:53 | VL Aveee · resign |
[ AI ANALYSIS · 1 CREDIT ]
What really happened in this match?
Wolo.gg analyzes every decision: build order, eco, micro, common mistakes by bracket. Personalized analysis on WhatsApp or Discord in 30 seconds.
Civ guide
Civ #60
Perfil
Jugador #6773576